Map: Odyssey LE

Players

Adapt - Winner!

  • Race: Zerg Zerg
  • League: Diamond
  • Spawn Location: 5:00

Archy

  • Race: Zerg Zerg
  • League: Diamond
  • Spawn Location: 11:00

VOD

Have the link to the VOD?

Description

hatch first vs 12p 2 spine rush

Time

  • Played on: Jan. 12, 2018, 4:19 a.m.
  • Length: 4:38
Show
View Real Time Build Order
Export as new Build Order

Adapt Zerg - Winner!

Build Orders: Hatch First 

Get SALT Encoding   

  12  0:01  Drone  
  13  0:12  Overlord  
  13  0:17  Drone  
  14  0:30  Drone x2  
  14  0:34  Drone  
  17  0:52  Hatchery  
  17  0:55  Drone  
  17  0:57  Extractor  
  17  1:00  Drone  
  17  1:15  Spawning Pool  
  17  1:18  Drone  
  17  1:21  Drone  
  18  1:28  Drone  
  19  1:39  Overlord  
  19  2:02  Zergling x4  
  17  2:16  Zergling x6  
  17  2:23  Zergling x2  
  18  2:34  Zergling x4  
  16  2:37  Zergling x2  
  15  2:45  Zergling x2  
  14  3:14  Zergling x2  
  10  3:52  Spine Crawler  
  10  4:07  Spine Crawler  
Show
View Real Time Build Order
Export as new Build Order

Archy Zerg 

Build Orders: Pool Only 

Get SALT Encoding   

  12  0:00  Drone  
  13  0:08  Drone  
  14  0:26  Spawning Pool  
  13  0:29  Drone  
  14  0:37  Extractor, Drone  
  15  0:42  Overlord  
  15  1:17  Zergling x6  
  18  1:28  Zergling x2  
  19  2:01  Spine Crawler x2  
Tags
 
Add a new tag
Caveats
  • Supply blocks, unpowered buildings, or Contaminate may cause inaccurate times.
  • Supply counts are checked every 10 seconds.